 Dungeon Crawl Stone Soup version 0.31.0-9-g3a7656b989 (webtiles) character file.

Game seed: 11081588850653785022

95 Komishar the Sneak (level 4, -1/39 HPs)
             Began as a Naga Warper on Jan 27, 2024.
             Slain by a river rat (7 damage)
             ... on level 3 of the Dungeon.
             The game lasted 00:09:00 (1944 turns).

Komishar the Sneak (Naga Warper)                    Turns: 1944, Time: 00:09:01

Health: -1/39      AC:  2    Str: 13    XL:     4   Next: 66%
Magic:  8/8        EV:  9    Int: 13    God:
Gold:   182        SH:  0    Dex: 13    Spells: 2/9 levels left

rFire   . . .        b - +2 dagger (venom)
rCold   . . .        (no shield)
rNeg    + . .        H - +0 leather armour
rPois   +            (no helmet)
rElec   .            (no cloak)
rCorr   .            (no gloves)
SInv    +            (no barding)
Will    .....        (no amulet)
Stlth   +++          Q - ring of positive energy
HPRegen 0.26/turn    (no ring)
MPRegen 0.11/turn

%: no passive effects
@: very slow
A: AC +1, large, see invisible, deformed body, poison resistance, slowness 2,
spit poison 1, naga tail 1
a: Spit Poison


You were on level 3 of the Dungeon.
You visited 1 branch of the dungeon, and saw 3 of its levels.

You collected 182 gold pieces.

Inventory:

Hand Weapons
 a - a +0 falchion
 b - a +2 dagger of venom (weapon)
Missiles
 d - 7 darts of dispersal
Armour
 C - +0 fire dragon scales
 H - a +0 leather armour (worn)
 L - a +0 helmet
Jewellery
 Q - a ring of positive energy (left hand)
Scrolls
 B - 3 scrolls of blinking
 E - a scroll of torment {unknown}
 G - a scroll of identify {unknown}
 J - a scroll of fear {unknown}
 K - a scroll of fog {unknown}
 M - a scroll of enchant armour {unknown}
 N - 2 scrolls of enchant weapon {unknown}
 O - a scroll of acquirement {unknown}
 R - a scroll of teleportation {unknown}
Potions
 D - a potion of berserk rage {unknown}
 F - 2 potions of mutation {unknown}
 I - 3 potions of heal wounds {unknown}
 P - a potion of resistance {unknown}


   Skills:
 - Level 2.0 Fighting
 - Level 2.0 Long Blades
 - Level 0.8 Throwing
 - Level 0.7 Armour
 - Level 1.5 Dodging
 - Level 5.0 Stealth
 + Level 3.1 Spellcasting
 - Level 3.0 Translocations


You had 2 spell levels left.
You knew the following spells:

 Your Spells              Type           Power      Damage    Failure   Level
a - Teleport Other        Tloc           9%         N/A       26%         3
c - Lesser Beckoning      Tloc           18%        N/A       13%         2
B - Blink                 Tloc           18%        N/A       13%         2

Your spell library contained the following spells:

 Spells                   Type           Power      Damage    Failure   Level
 Manifold Assault         Tloc           9%         N/A       63%         4
 Passage of Golubria      Tloc           9%         N/A       63%         4
 Hailstorm                Conj/Ice       2%         3d5       65%         3
 Summon Ice Beast         Ice/Summ       2%         N/A       65%         3
 Tukima's Dance           Hex            2%         N/A       65%         3
 Vhi's Electric Charge    Tloc/Air       10%        N/A       83%         4
 Yara's Violent Unravell  Hex/Alch       1%         3d3       100%        5
 Sculpt Simulacrum        Ice/Alch       1%         N/A       100%        6


Dungeon Overview and Level Annotations

Branches:
Dungeon (3/15)

Altars:
Makhleb


Innate Abilities, Weirdness & Mutations

Your serpentine skin is tough. (AC +1)
You have supernaturally acute eyesight. (SInv)
Armour fits poorly on your strangely shaped body.
Your system is resistant to poisons. (rPois)
You cover ground very slowly.
You can spit poison.
You have a snake-like lower body.


Message History

The river rat bites you!
The adder moves out of view.
The rat moves out of view.
The river rat squeaks loudly.
You hit the river rat but do no damage.
The river rat is poisoned.
You have got your breath back.
The river rat barely misses you.
You closely miss the river rat. The river rat bites you.
You hit the river rat but do no damage.
The river rat looks as sick as possible!
The river rat barely misses you.
Aiming: Spit Poison (1% risk of failure)
Press: ? - help, Q - select action, (/) - cycle Shift-Dir - straight line, f/p - river rat
Aim: a river rat (moderately wounded, extremely poisoned, 54% to hit)
Okay, then.
You closely miss the river rat. The river rat barely misses you.
You hit the river rat.
You kill the river rat!
Your Spellcasting skill increases to level 3!
You hit the adder but do no damage.
The adder is poisoned.
The adder misses you.
You hit the adder but do no damage.
The adder looks as sick as possible!
The adder barely misses you. The adder bites you.
You barely miss the adder. The adder bites you.
You are poisoned.
The adder poisons you!
You hit the adder. You punch the adder.
You feel sick. The adder closely misses you.
You barely miss the adder.
You feel sick. The adder bites you but does no damage.
You hit the adder.
You kill the adder!
You feel sick.
You hit the river rat but do no damage.
The river rat is poisoned.
You feel sick. The river rat barely misses you.
You barely miss the river rat.
You feel sick. The river rat bites you.
You closely miss the river rat.
You feel sick. The river rat bites you.
You hit the river rat but do no damage.
You feel sick.
You are no longer poisoned.
The river rat bites you.
The river rat attacks as it pursues you!
The river rat bites you but does no damage.
The river rat bites you.
* * * LOW HITPOINT WARNING * * *
You hit the river rat but do no damage.
The river rat looks even sicker.
The river rat bites you.
* * * LOW HITPOINT WARNING * * *
You hit the river rat but do no damage.
The river rat looks as sick as possible!
The river rat bites you!
You die...

#..###.## #.##
# # #.# #.# #.#
#.# #.# #.# #@#
# #r# .#
..######r# ..#
#.......##.$~#
##.......?..~#
#.#######.~~~~#
# .~#~# ~~~ #~#


You could see a river rat (extremely poisoned) and a rat.

Vanquished Creatures
  A gnoll (D:1)
  2 adders (D:3)
  A river rat (D:3)
  A ribbon worm (D:2)
  11 ball pythons
  5 endoplasms
  A giant cockroach (D:1)
  5 goblins
  8 hobgoblins
  4 jackals
  4 bats
  3 frilled lizards
  5 kobolds
  2 rats (D:1)
53 creatures vanquished.

Notes
Turn   | Place    | Note
-------+----------+-------------------------------------------
     0 | D:1      | Komishar the Naga Warper began the quest for the Orb.
     0 | D:1      | Reached XP level 1. HP: 19/19 MP: 3/3
    31 | D:1      | Reached skill level 1 in Stealth
    46 | D:1      | Reached skill level 2 in Stealth
    79 | D:1      | Reached XP level 2. HP: 16/26 MP: 5/5
    90 | D:1      | Reached skill level 3 in Stealth
   359 | D:1      | Reached skill level 4 in Stealth
   359 | D:1      | Reached XP level 3. HP: 32/32 MP: 6/6
   729 | D:1      | Reached skill level 5 in Stealth
   732 | D:1      | Learned a level 2 spell: Blink
   735 | D:1      | Learned a level 2 spell: Lesser Beckoning
  1086 | D:2      | Found a burning altar of Makhleb.
  1293 | D:2      | Reached XP level 4. HP: 39/39 MP: 7/7
  1512 | D:2      | Learned a level 3 spell: Teleport Other
  1944 | D:3      | Slain by a river rat

Illustrated notes

Levels and vault maps discovered:
D:1:      dpeg_arrival_chambers_temple_mockup, layout_rooms, patterned_corridor
D:2:      layout_loops_ring, basic_altar, grunt_ministairs_13,
          minmay_fountain_box
D:3:      layout_loops_ring, lightli_sewer_entry_pipes

Skill      XL: |  1  2  3  4 |
---------------+-------------+-----
Stealth        | 2 4 5 |  5.0
Spellcasting   | 3 |  3.1
Fighting       | |  2.0
Long Blades    | |  2.0
Throwing       | |  0.8
Armour         | |  0.7
Dodging        | |  1.5
Translocations | |  3.0

Action                     |  1- 3 |  4- 6 || total
---------------------------+-------+-------++-------
  Melee: Falchion          |    53 |       ||    53
         Dagger            |    46 |    34 ||    80
         Punch             |     1 |     1 ||     2
Ability: Spit Poison       |    16 |     1 ||    17
   Stab: Sleeping          |     4 |     7 ||    11
 Armour: Leather armour    |    69 |    21 ||    90
  Dodge: Dodged            |    43 |     9 ||    52
